AoeStats
← normalnocturnal

Nomad

510870296Analyzed
2v2 RM · 1d ago on Oct 2, 2026· 61m 41s· 4 players
Game mode
Random Map
Map size
176×176
Population
200
Speed
Normal
Resources
Standard
Victory
Conquest
Starting age
Dark Age
Ending age
Imperial Age
RankedLock teamsTeams togetherTeam positionsShared explorationLock speedFull tech treeHidden civsTurbo modeCheats
Victory
Defeat
🇬🇧 Malay · United Kingdom
812
+13
🇬🇧 Huns · United Kingdom
810
+13
🇸🇪 Japanese · Sweden
757
-13
🇳🇴 Chinese · Norway
754
-13
Yung Torsten
9:21 Loom
13:30 Feudal Age
14:10 Double-Bit Axe
15:20 Horse Collar
17:06 Gold Mining
21:08 Castle Age
19:13 Fishing Lines
21:27 Stone Mining
22:27 Wheelbarrow
25:08 Fletching
25:46 Bow Saw
26:13 Gold Shaft Mining
26:29 Hand Cart
29:53 Ballistics
30:48 Pikeman
36:14 Scale Mail Armor
36:26 Forging
36:05 Arson
36:20 Squires
36:40 Yasama
37:26 Guard Tower
39:30 Murder Holes
41:48 Bodkin Arrow
41:55 Padded Archer Armor
42:12 Chain Mail Armor
42:33 Iron Casting
47:05 Fervor
46:55 Atonement
51:03 Padded Archer Armor
60:58 Imperial Age
Tompalol
3:51 Loom
14:52 Feudal Age
16:35 Double-Bit Axe
18:19 Man-at-Arms
22:09 Fletching
24:41 Castle Age
25:17 Crossbowman
27:53 Bodkin Arrow
30:25 Pikeman
32:39 Bow Saw
34:10 Squires
35:12 Thumb Ring
35:56 Scale Mail Armor
36:07 Forging
36:30 Gold Mining
38:56 Ballistics
40:09 Elite Skirmisher
40:40 Arson
41:43 Gold Shaft Mining
42:53 Stone Mining
43:15 Padded Archer Armor
43:33 Chain Mail Armor
44:53 Iron Casting
44:34 Leather Archer Armor
44:59 Wheelbarrow
46:16 Hand Cart
53:28 Imperial Age
56:04 Heavy Rocket Cart
57:31 Bracer
58:01 Ring Archer Armor
59:58 Blast Furnace
59:44 Conscription
normalnocturnal
5:58 Loom
8:47 Loom
13:48 Feudal Age
13:58 Double-Bit Axe
14:18 Horse Collar
16:13 Fishing Lines
18:09 Man-at-Arms
21:25 Wheelbarrow
26:13 Castle Age
24:26 Arson
25:18 Gold Mining
25:18 Stone Mining
25:55 Forging
25:51 Scale Barding Armor
25:53 Husbandry
25:45 Long Swordsman
28:46 Gillnets
29:41 Gold Shaft Mining
29:41 Stone Shaft Mining
29:19 Bow Saw
29:14 Heavy Plow
30:17 Thalassocracy
32:27 Hand Cart
34:41 Squires
38:39 Imperial Age
36:56 Iron Casting
38:30 Forced Levy
38:31 Two-Handed Swordsman
42:01 Blast Furnace
43:52 Elite Battle Elephant
44:30 Fletching
44:40 Padded Archer Armor
57:16 Crop Rotation
ChrisVoor
5:05 Loom
15:53 Feudal Age
17:13 Double-Bit Axe
17:11 Horse Collar
17:24 Fishing Lines
18:50 Fletching
20:08 Bloodlines
21:33 Forging
26:54 Castle Age
25:33 Scale Barding Armor
26:03 Stone Mining
26:04 Gold Mining
28:09 Wheelbarrow
27:20 Town Watch
28:13 Bow Saw
29:36 Heavy Plow
31:01 Hand Cart
31:07 Gillnets
33:58 Husbandry
34:35 Iron Casting
34:22 Chain Barding Armor
34:01 Bodkin Arrow
34:30 Chain Barding Armor
35:43 Marauders
37:41 Gold Shaft Mining
41:07 Town Patrol
45:46 Imperial Age
43:46 Ballistics
43:37 Masonry
43:23 Murder Holes
47:31 Two-Man Saw
47:00 Thumb Ring
47:21 Parthian Tactics
46:17 Heavy Cavalry Archer
46:18 Elite Skirmisher
47:32 Caravan
48:30 Bracer
55:16 Elite Tarkan
58:28 Blast Furnace
58:04 Plate Barding Armor
60:10 Chemistry
59:12 Scale Mail Armor
59:13 Padded Archer Armor
Connection lost

Rejoining the realm…

Still unreachable

The connection could not be restored.

Session expired

The server has moved on; the page needs a fresh start.